Map: Catalyst LE

Players

perper - Winner!

  • Race: Protoss Protoss
  • League: Platinum
  • Spawn Location: 5:00

ILIEKEGGPIE

  • Race: Protoss Protoss
  • League: Platinum
  • Spawn Location: 11:00

VOD

Have the link to the VOD?

Description

Time

  • Played on: April 8, 2018, 12:04 a.m.
  • Length: 9:40
Show
View Real Time Build Order
Export as new Build Order

perper Protoss - Winner!

Build Orders:  

Get SALT Encoding   

  12  0:02  Probe  
  13  0:15  Probe (Chrono Boost)  
  14  0:22  Pylon  
  14  0:26  Probe (Chrono Boost)  
  15  0:40  Gateway, Probe  
  16  1:04  Probe (Chrono Boost)  
  16  1:07  Assimilator  
  16  1:09  Assimilator  
  17  1:14  Probe (Chrono Boost)  
  18  1:19  Probe (Chrono Boost)  
  18  1:20  Gateway  
  18  1:25  Pylon  
  19  1:32  Cybernetics Core  
  19  1:37  Probe  
  20  1:49  Probe  
  22  2:01  Probe (Chrono Boost)  
  22  2:12  Pylon, Probe (Chrono Boost)  
  23  2:30  Adept x2, Pylon, Probe  
  28  2:45  Warp Gate  
  28  3:08  Stalker x2  
  32  3:13  Nexus  
  32  3:17  Pylon  
  32  3:29  Robotics Facility  
  32  3:37  Probe (Chrono Boost)  
  33  3:47  Probe (Chrono Boost)  
  34  3:52  Probe (Chrono Boost)  
  33  4:04  Probe (Chrono Boost)  
  33  4:06  Stalker x2  
  36  4:15  Immortal (Chrono Boost)  
  36  4:16  Probe (Chrono Boost)  
  41  4:23  Probe (Chrono Boost)  
  42  4:25  Pylon  
  42  4:50  Shield Battery  
  42  4:59  Immortal (Chrono Boost)  
  43  5:09  Stalker x2  
  38  5:44  Probe (Chrono Boost)  
  39  5:54  Pylon, Probe (Chrono Boost)  
  40  5:57  Gateway  
  40  5:58  Observer  
  40  5:59  Probe (Chrono Boost)  
  40  6:00  Gateway  
  40  6:04  Adept x2  
  44  6:07  Probe  
  44  6:10  Probe  
  48  6:13  Robotics Bay  
  48  6:19  Probe  
  43  6:33  Stalker  
  43  6:34  Stalker  
  46  7:04  Stalker x2  
  50  7:19  Disruptor  
  49  7:35  Probe x2  
  49  7:36  Pylon  
  51  7:43  Twilight Council  
  51  7:47  Probe x2  
  51  7:49  Adept x4  
  61  7:55  Warp Prism (Chrono Boost)  
  63  7:59  Probe (Chrono Boost)  
  63  8:01  Observer  
  63  8:03  Probe (Chrono Boost)  
  63  8:05  Assimilator  
  65  8:08  Assimilator  
  65  8:11  Probe (Chrono Boost)  
  66  8:17  Probe (Chrono Boost)  
  67  8:25  Probe  
  68  8:28  Disruptor  
  71  8:37  Probe  
  70  9:02  Stalker  
  70  9:03  Stalker x2  
Show
View Real Time Build Order
Export as new Build Order

ILIEKEGGPIE Protoss 

Build Orders:  

Get SALT Encoding   

  12  0:03  Probe  
  13  0:15  Probe  
  14  0:26  Pylon  
  14  0:28  Probe  
  15  0:44  Probe (Chrono Boost)  
  16  0:51  Gateway  
  16  0:53  Probe (Chrono Boost)  
  17  0:57  Assimilator  
  17  0:58  Probe (Chrono Boost)  
  18  1:10  Probe  
  19  1:22  Probe  
  20  1:30  Gateway  
  20  1:33  Pylon  
  20  1:44  Cybernetics Core  
  20  1:49  Assimilator  
  20  1:50  Probe  
  21  2:02  Probe (Chrono Boost)  
  22  2:15  Probe (Chrono Boost)  
  23  2:20  Warp Gate  
  23  2:21  Stalker x2  
  28  2:23  Probe (Chrono Boost)  
  27  2:40  Robotics Facility  
  27  2:48  Probe  
  28  2:56  Pylon  
  27  3:23  Gateway  
  27  3:24  Gateway  
  27  3:28  Observer (Chrono Boost)  
  27  3:33  Stalker x2  
  28  4:08  Warp Prism (Chrono Boost)  
  28  4:15  Pylon  
  30  4:25  Probe  
  30  4:27  Pylon  
  31  4:37  Probe  
  32  4:43  Zealot x4  
  40  4:49  Probe  
  36  5:21  Probe  
  33  5:33  Probe  
  33  5:34  Stalker x2  
  33  5:35  Stalker x2  
  38  5:41  Immortal (Chrono Boost)  
  38  6:07  Sentry  
  40  6:30  Zealot x3  
  40  6:31  Immortal (Chrono Boost)  
  46  6:36  Sentry  
  43  7:04  Pylon  
  43  7:26  Robotics Facility  
  43  7:27  Pylon  
  43  7:35  Gateway x2  
  43  7:39  Immortal (Chrono Boost)  
  47  7:59  Pylon  
  47  8:17  Warp Prism  
  47  8:19  Immortal  
  53  8:25  Pylon  
  40  9:32  Zealot  
  40  9:33  Zealot x3  
Tags
 
Matchup
PvP
Replay Pack
Multi
Spawn Locations
Cross Positions
Add a new tag
Caveats
  • Supply blocks, unpowered buildings, or Contaminate may cause inaccurate times.
  • Supply counts are checked every 10 seconds.